 Dungeon Crawl Stone Soup version 0.32-a0-468-g38b2580584 (webtiles) character file.

Game seed: 11189567157828457541

67 ezpacito the Trooper (level 3, -12/29 HPs)
             Began as a Demonspawn Chaos Knight on Feb 24, 2024.
             Was a Plaything of Xom.
             Mangled by Crazy Yiuf
             ... wielding a +2 quarterstaff of chaos
              (21 damage)
             ... on level 2 of the Dungeon.
             The game lasted 00:01:26 (971 turns).

ezpacito the Trooper (Demonspawn Chaos Knight)       Turns: 971, Time: 00:01:27

Health: -12/29     AC:  5    Str: 13    XL:     3   Next: 98%
Magic:  4/4        EV: 11    Int: 16    God:    Xom [....*.]
Gold:   74         SH:  0    Dex: 11    Spells: 4/4 levels left

rFire   + . .        a - +0 hand axe (chaos)
rCold   + . .        (no shield)
rNeg    . . .        b - +2 leather armour
rPois   +            (no helmet)
rElec   +            (no cloak)
rCorr   +            (no gloves)
SInv    .            (no boots)
Will    .....        (no amulet)
Stlth   +            (no ring)
HPRegen 0.24/turn    (no ring)
MPRegen 0.09/turn

%: no passive effects
@: lethally poisoned (-12 -> -15), resistant
A: demonic guardian 1, demonic touch 1, clever 1
a: Renounce Religion


You were on level 2 of the Dungeon.
You worshipped Xom.
You were a beloved toy of Xom.
You visited 1 branch of the dungeon, and saw 2 of its levels.

You collected 74 gold pieces.

Inventory:

Hand Weapons
 a - a +0 hand axe of chaos (weapon)
Armour
 b - a +2 leather armour (worn)
Scrolls
 c - a scroll of butterflies
 d - a scroll of fog {unknown}
 g - a scroll of acquirement {unknown}
 i - a scroll of identify {unknown}
 j - a scroll of silence {unknown}
Potions
 e - a potion of brilliance {unknown}
 f - 2 potions of enlightenment {unknown}
 h - a potion of cancellation {unknown}
 k - a potion of might {unknown}
 l - a potion of ambrosia {unknown}


   Skills:
 * Level 3.4 Fighting
 * Level 3.0 Axes
 * Level 2.2 Armour
 * Level 1.3 Dodging
 + Level 0.6 Stealth
 * Level 1.0 Unarmed Combat
 + Level 1.1 Spellcasting


You had 4 spell levels left.
You didn't know any spells.
Your spell library was empty.

Dungeon Overview and Level Annotations

Branches:
Dungeon (2/15)

Altars:

Shops:
D:2 (

Annotations:
D:2 Crazy Yiuf


Innate Abilities, Weirdness & Mutations

A weak demonic guardian rushes to your aid.
Your touch may inflict minor irresistible damage on your foes.
Your mind is acute. (Int +4, Str/Dex -1)


Message History

You hit the hobgoblin.
The hobgoblin is heavily wounded.
The hobgoblin hits you but does no damage.
The hobgoblin hits you.
You hit the hobgoblin.
You kill the hobgoblin!
No target in view!
No target in view!
No target in view!
No target in view!
No target in view!
You now have 74 gold pieces (gained 9).
You see here a hobgoblin corpse.
Found a runed translucent door.
Crazy Yiuf shouts!
Crazy Yiuf says, "Reason is nothing but a wonderful and unintelligible instinct in our souls."
Key pressed, stopping explore.
No target in view!
No target in view!
You open the door. You hit Crazy Yiuf.
Crazy Yiuf seems to grow stronger.
Xom is amused.
Crazy Yiuf is lightly wounded.
Crazy Yiuf hits you with a +2 quarterstaff of chaos!
You are poisoned.
You hit Crazy Yiuf but do no damage. Your touch misses Crazy Yiuf.
Crazy Yiuf is lightly wounded.
You feel very sick.
Crazy Yiuf hits you with a +2 quarterstaff of chaos!
You feel protected.
You hit Crazy Yiuf. You freeze Crazy Yiuf.
Crazy Yiuf is moderately wounded.
You feel sick. Crazy Yiuf completely misses you.
You barely miss Crazy Yiuf. Your touch misses Crazy Yiuf.
Crazy Yiuf is moderately wounded.
You feel sick.
Crazy Yiuf hits you with a +2 quarterstaff of chaos!!
Ouch! That really hurt!
You die...
Xom giggles madly!

#....####.#
##..## #.#
#...# #.#
#...# #.#
##.## #.#
##.# #.#
#.## #.#
##.# #.#
#@## #.# #g#
#.# ...
##.######
#...#
#.......#
#)..#
#.......#
#####
#.......#
#.......##
#........###
########∩..#


You could see Crazy Yiuf (strong).

Vanquished Creatures
  Jessica (D:2)
  An adder (D:2)
  3 endoplasms (D:1)
  2 giant cockroaches
  A goblin (D:1)
  A hobgoblin (D:2)
  4 jackals
  2 quokkas (D:1)
  2 ball pythons (D:1)
  4 bats
  6 frilled lizards
  3 kobolds (D:1)
  2 rats (D:1)
32 creatures vanquished.

Notes
Turn   | Place    | Note
-------+----------+-------------------------------------------
     0 | D:1      | ezpacito the Demonspawn Chaos Knight began the quest for
                  | the Orb.
     0 | D:1      | Reached XP level 1. HP: 18/18 MP: 1/1
     2 | D:1      | XOM: divination: detect creatures
    19 | D:1      | XOM: polymorph bat -> rat
   175 | D:1      | XOM: summons 2 hostile shadow creatures
   183 | D:1      | Gained mutation: A weak demonic guardian rushes to your
                  | aid. [demonic ancestry]
   183 | D:1      | Reached XP level 2. HP: 13/24 MP: 2/2
   371 | D:1      | Reached skill level 1 in Dodging
   405 | D:1      | XOM: 5-stop teleportation journey
   631 | D:1      | XOM: give mutation
   631 | D:1      | Gained mutation: Your mind is acute. (Int +4, Str/Dex -1)
                  | [Xom's grace]
   773 | D:2      | Reached skill level 1 in Spellcasting
   781 | D:2      | Gained mutation: Your touch may inflict minor irresistible
                  | damage on your foes. [demonic ancestry]
   781 | D:2      | Reached XP level 3. HP: 29/29 MP: 4/4
   865 | D:2      | Noticed Jessica
   868 | D:2      | Found Piojaec's Antique Weapon Shop.
   871 | D:2      | Killed Jessica
   872 | D:2      | Reached skill level 1 in Unarmed Combat
   961 | D:2      | Found a runed translucent door.
   962 | D:2      | Noticed Crazy Yiuf
   971 | D:2      | Mangled by Crazy Yiuf

Illustrated notes

Levels and vault maps discovered:
D:1:      amcnicky_arrival_feature_with_door, layout_rooms,
          hangedman_decor_growths, roderic_serpentine_path, st_stairs_5,
          lemuel_flame_loot_1
D:2:      layout_rooms, serial_shops, shop, uniq_jessica,
          uniq_crazy_yiuf_cottage

Skill      XL: |  1  2  3 |
---------------+----------+-----
Dodging        | 1 |  1.3
Armour         | 2 |  2.2
Spellcasting   | 1 |  1.1
Axes           | 3 |  3.0
Unarmed Combat | 1 |  1.0
Fighting       | |  3.4
Stealth        | |  0.6

Action                     || total
---------------------------++-------
  Melee: Hand axe          ||    96
   Stab: Sleeping          ||     1
 Armour: Leather armour    ||    73
  Dodge: Dodged            ||    72

Table legend: (Time is in decaauts)
 A = Elapsed time spent in this place.
 B = Non-inter-level travel time spent in this place.
 C = Inter-level travel time spent in this place.
 D = Time resting spent in this place.
 E = Time spent auto-exploring this place.
 F = Levels seen in this place.
 G = Mean time per level.
                   A        B        C        D        E       F      G
               +--------+--------+--------+--------+--------+-----+--------+
         Total |    985 |    971 |     14 |      9 |    743 |   2 |  492.5 |
       Dungeon |    985 |    971 |     14 |      9 |    743 |   2 |  492.5 |
               +--------+--------+--------+--------+--------+-----+--------+

Top non-repeatable levels by time:
     D:1: 775 daAuts
     D:2: 210 daAuts
